 Dungeon Crawl Stone Soup version 0.17-a0-2127-g1cb09f6 (webtiles) character file.

100084 fredomojojo the Whirler (level 16, 0/123 HPs)
             Began as a Formicid Fighter on Oct 22, 2015.
             Was a High Priest of Trog.
             Slain by a dire flail of draining (8 damage)
             ... on level 2 of the Elven Halls on Oct 23, 2015.
             The game lasted 10:31:07 (22038 turns).

fredomojojo the Whirler (Formicid Fighter)         Turns: 22038, Time: 10:31:07

Health: 0/123      AC: 27    Str: 27    XL:     16   Next: 78%
Magic:  5/5        EV:  8    Int:  7    God:    Trog [*****.]
Gold:   897        SH: 19    Dex:  9    Spells: 0 memorised, 15 levels left

rFire  . . .     SeeInvis +     Y - +4 battleaxe (antimagic)
rCold  . . .     Clarity  +     X - +2 plate armour {rN+}
rNeg   + . .     SustAt   .     c - +5 shield
rPois  +         Gourm    .     (helmet unavailable)
rElec  .         Spirit   .     (no cloak)
rCorr  .         Warding  .     (no gloves)
rMut   +         Stasis   +     (no boots)
MR     +....                    g - amulet of resist mutation
Stlth  ..........               B - ring of poison resistance
                                w - +4 ring of protection

@: drained, somewhat resistant to hostile enchantments, extremely unstealthy
A: permanent stasis, dig shafts and tunnels, four strong arms, antennae 3, rough
black scales 1, yellow scales 1, clarity, screaming 1, weak 1
a: Dig, Shaft Self, Trog's Hand, Brothers in Arms, Burn Spellbooks, Renounce
Religion


You were on level 2 of the Elven Halls.
You worshipped Trog.
Trog was extremely pleased with you.
You were not hungry.

You visited 5 branches of the dungeon, and saw 27 of its levels.
You also visited: Labyrinth and Sewer.

You collected 2509 gold pieces.
You spent 1612 gold pieces at shops.

Inventory:

Hand Weapons
 e - the +9 hunting sling "Zuriagy" {venom, Int+3 Dex+2 Stlth+}
   (You found it on level 6 of the Dungeon)

   It poisons the ammo it fires.
   It affects your intelligence (+3).
   It affects your dexterity (+2).
   It makes you more stealthy.
 h - a +4 demon whip of venom
 i - a +5 great sword of holy wrath
 m - the +7 mace of Entrepreneurial Spirit {crush, rF+ MR++ MP-9 SInv}
   (You bought it in a shop on level 4 of the Orcish Mines)

   It inflicts extra damage upon your enemies.
   It protects you from fire.
   It affects your resistance to hostile enchantments.
   It affects your magic capacity (-9).
   It lets you see invisible.
 A - the +3 dagger of Growth {pierce, rPois rN+ MP-9 Int+2}
   (You found it on level 5 of the Dungeon)

   It inflicts extra damage upon your enemies.
   It affects your intelligence (+2).
   It protects you from poison.
   It protects you from negative energy.
   It affects your magic capacity (-9).
 G - a +3 antimagic eveningstar
 O - a +2 falchion of flaming
 R - the +9 war axe "Ukeownic" {chop, Str+3}
   (You found it on level 9 of the Dungeon)

   It inflicts extra damage upon your enemies.
   It affects your strength (+3).
 V - the +7 hunting sling "Tusaetsyme" {velocity, +Inv rF+ Dex+5 SInv}
   (You found it on level 4 of the Lair of Beasts)

   Any stone fired from it inflicts extra damage.
   It affects your dexterity (+5).
   It protects you from fire.
   It lets you see invisible.
   It lets you turn invisible.
 W - a +2 flail of protection
 Y - a +4 antimagic battleaxe (weapon)
Missiles
 l - 432 stones
 o - 18 sling bullets of frost
 C - 2 throwing nets (quivered)
 Q - 29 sling bullets of flame
Armour
 c - a +5 shield (worn)
 X - a +2 plate armour of positive energy (worn)
Jewellery
 g - an amulet of resist mutation (around neck)
 s - a +4 ring of strength
 w - a +4 ring of protection (left hand)
 B - a ring of poison resistance (right hand)
Wands
 r - a wand of slowing (9)
 x - a wand of confusion (22)
 y - a wand of lightning (0)
 D - a wand of magic darts (26)
 F - a wand of draining (3)
 H - a wand of hasting (6)
 J - a wand of lightning (7)
 K - a wand of fireball (5)
 P - a wand of paralysis (11)
 T - a wand of heal wounds (2)
 U - a wand of paralysis (11)
Scrolls
 a - 13 scrolls of identify
 d - 2 scrolls of recharging
 f - 6 scrolls of remove curse
 p - a scroll of acquirement {unknown}
 N - a scroll of fear
Potions
 j - 5 potions of brilliance
 n - 2 potions of degeneration {unknown}
 q - 3 potions of lignification
 z - 2 potions of resistance
 E - 2 potions of haste
 M - a potion of curing
Books
 b - a book of Annihilations

   Spells                             Type                      Level
   a - Poison Arrow                   Conjuration/Poison           6
   b - Chain Lightning                Conjuration/Air              8
   c - Lehudib's Crystal Spear        Conjuration/Earth            8
   d - Glaciate                       Conjuration/Ice              9
   e - Fire Storm                     Conjuration/Fire             9
   Trog disapproves of the use of such an item.
Miscellaneous
 k - a stone of tremors
 Z - a box of beasts {used: 3}
Comestibles
 t - 11 meat rations
 L - a beef jerky
 S - 2 royal jellies


   Skills:
 + Level 10.5(10.0) Fighting
 + Level 7.8(7.3) Long Blades
 * Level 9.4(10.1) Axes
 + Level 8.0(9.5) Maces & Flails
 + Level 16.3(16.1) Slings
 + Level 5.0(9.5) Throwing
 + Level 11.7(11.2) Armour
 + Level 2.8(2.4) Dodging
 + Level 1.6(1.3) Stealth
 + Level 14.5(14.0) Shields
 + Level 1.5(1.1) Evocations


You had 15 spell levels left.
You didn't know any spells.

Dungeon Overview and Level Annotations

Branches:
Dungeon (12/15)            Temple (1/1) D:4            Lair (8/8) D:10
  Swamp (0/4) Lair:4        Snake (0/4) Lair:4        Slime (0/6) Lair:6
    Orc (4/4) D:12            Elf (2/3) Orc:3

Altars:
Ashenzari
Cheibriados
Dithmenos
Elyvilon
Gozag
Kikubaaqudgha
Makhleb
Okawaru
Qazlal
Ru
Sif Muna
Trog
Vehumet
Xom
Yredelemnul
Zin
The Shining One
Beogh
Jiyva
Lugonu

Shops:
D:11 !   Orc:4 [*(=   Elf:1 !

Portals:
Hell: Lair:8

Annotations:
D:3 nublet's ghost, amateur DrTm
Lair:2 exclusion: oklob plant


Innate Abilities, Weirdness & Mutations

You are under a permanent stasis effect.
You can dig through walls and to a lower floor.
Your four strong arms can wield two-handed weapons with a shield.
You have a pair of large antennae on your head (SInv).
You are partially covered in rough black scales (AC +4, Dex -1).
You are partially covered in yellow scales (AC +2).
You possess an exceptional clarity of mind.
You occasionally shout uncontrollably at your foes.
You are weak. (Str -2)


Message History

The deep elf summoner blinks!
The deep elf knight hits your deep troll with a long sword!
You see here a long sword.
The deep elf knight blocks your attack.
The deep elf knight is almost dead.
Your deep troll bites the deep elf knight!!
The deep elf knight dies!
Trog accepts your kill. Something appears at your feet! Trog grants you a gift!
Trog appreciates your killing of a magic user.
The deep elf knight gestures at you while chanting.
The stone arrow hits you!
* * * LOW HITPOINT WARNING * * *
You block the scimitar of holy wrath's attack.
The deep elf priest utters a dark prayer and points at you.
Your life force is offered up.
* * * LOW HITPOINT WARNING * * *
The deep elf priest is healed.
The dire flail of draining hits you!
You die...

##.....#.......#...###......
##....#.......#...# ##.....
##...+.......)[..# ##....
##..#...(...#...# #'###
..#.......#...# #.#
.#.......#...# #.#
###...###...# #.#
#...#.....#####?###
#T@.#..............
#()(############### #)((#
#...§e#e)...#
#...(.###(...)# ......
{§....... ...... ..(....
...... ..(.... (.... .(....#


You could see a deep elf knight, a deep elf priest, 3 dancing weapons and a
friendly deep troll (berserk).

Vanquished Creatures
  Gastronok (Orc:2)
  A deep elf sorcerer (Elf:2)
  A deep elf demonologist (Elf:1)
  2 dire elephants
  Snorg (D:12)
  A minotaur (Lab)
  Harold (D:12)
  Erolcha (Orc:2)
  6 hydras
  2 dancing weapons (Elf:2)
  4 death yaks (Lair:6)
  2 small abominations (Elf:2)
  8 deep elf knights
  Sonja (D:10)
  4 skeletal warriors
  2 unseen horrors (D:11)
  A lindwurm (Lair:6)
  A deep elf summoner (Elf:1)
  Pikel (D:9)
  2 hill giants
  An orb spider (shapeshifter) (Elf:2)
  2 orc knights (Orc:4)
  11 deep elf conjurers
  A wizard (Lair:8)
  3 griffons
  A manticore (D:11)
  An ugly thing (D:11)
  8 elephants
  7 black mambas
  A centaur zombie (D:11)
  Maurice (Orc:2)
  A torpor snail (Lair:3)
  Psyche (D:8)
  3 komodo dragons
  2 deep elf priests
  A gargoyle (D:11)
  3 fire drakes
  13 spiny frogs
  2 trolls
  2 polar bears
  8 blink frogs
  Prince Ribbit (D:9)
  2 two-headed ogres
  3 blue devils (Lair:8)
  16 wolves
  A boulder beetle (Lair:5)
  A spriggan (Lair:1)
  37 yaks
  5 hungry ghosts
  10 deep elf fighters
  A wraith (D:12)
  12 deep elf magi
  A fire elemental (Lair:1)
  10 hippogriffs
  Grum (D:9)
  The ghost of brucemayne the Chopper, an amateur DsBe of Trog (D:5)
  3 basilisks
  A soldier ant (Lair:3)
  8 wargs
  6 swamp worms (Lair:4)
  2 hell hounds (Lair:8)
  A naga (Lair:4)
  2 mottled dragons
  2 ice beasts
  17 orc warriors
  27 water moccasins
  2 sky beasts
  7 phantoms
  A black bear (Lair:2)
  11 porcupines
  6 ogres
  4 centaurs
  The ghost of brucemayne the Chopper, an amateur DsBe of Trog (D:6)
  22 crocodiles
  A wasp (D:9)
  19 big kobolds
  Blork the orc (D:4)
  A brain worm (D:12)
  24 giant frogs
  A wyvern skeleton (D:11)
  4 scorpions
  3 troll zombies (D:12)
  3 wights (D:8)
  10 killer bees
  An electric eel (Lair:4)
  A crimson imp (D:3)
  39 orc wizards
  2 quasits
  5 giant frog zombies
  30 orc priests
  3 hounds
  4 jellies
  2 centaur skeletons
  A giant frog skeleton (D:8)
  10 iguanas
  Natasha (D:2)
  20 worker ants
  23 sheep
  4 ogre zombies (D:12)
  A hound zombie (D:9)
  A hound skeleton (D:8)
  3 gnolls (Orc:4)
  14 adders
  66 river rats
  A shadow imp (D:9)
  An adder skeleton (D:6)
  An adder zombie (D:6)
  5 worms
  7 giant geckos
  179 orcs
  7 giant cockroaches
  7 goblins
  8 hobgoblins
  8 jackals
  8 ball pythons
  6 bats
  11 giant newts
  2 goblin skeletons (D:12)
  3 goblin zombies (D:12)
  4 hobgoblin skeletons (D:12)
  A hobgoblin zombie (D:12)
  25 kobolds
  3 orc skeletons (D:12)
  12 orc zombies (D:12)
  6 quokkas
  A quokka skeleton (D:8)
  6 rats
  A bush (Lair:2)
  A butterfly (Lair:3)
  A fungus (Lair:8)
  A plant (Elf:1)
955 creatures vanquished.

Vanquished Creatures (collateral kills)
  Saint Roka (Orc:4)
  A deep elf annihilator (Elf:2)
  A hell beast (Lair:8)
  A hydra (Lair:2)
  4 dancing weapons (Elf:2)
  A queen ant (Lair:3)
  Urug (Orc:1)
  An orc high priest (Orc:4)
  4 deep elf knights (Elf:2)
  A small abomination (Elf:2)
  A deep elf summoner (Elf:2)
  4 deep elf conjurers
  2 orc sorcerers (Orc:4)
  An orc knight (Orc:4)
  A black mamba (Lair:5)
  3 orange demons (Lair:8)
  A red devil (Lair:8)
  3 komodo dragons
  A hellwing (Lair:8)
  3 blink frogs (Lair:7)
  2 deep elf magi (Elf:2)
  8 yaks (Lair:7)
  16 deep elf fighters
  A human (shapeshifter) (Elf:2)
  5 soldier ants (Lair:3)
  A water moccasin (Lair:7)
  A hell hound (Lair:8)
  A porcupine (Lair:7)
  An ogre (Orc:4)
  12 orc warriors
  2 giant frogs (Lair:7)
  An orc wizard (Orc:4)
  6 worker ants (Lair:3)
  An orc priest (Orc:4)
  7 orcs
  2 crawling corpses (Elf:2)
103 creatures vanquished.

Vanquished Creatures (others)
  A deep elf mage (Elf:1)
  2 slaves (D:9)
  2 deep elf fighters
  A wolf (D:9)
  An orc (Orc:1)
  13 fungi
  12 plants
32 creatures vanquished.

Grand Total: 1090 creatures vanquished

Notes
Turn   | Place    | Note
--------------------------------------------------------------
     0 | D:1      | fredomojojo the Formicid Fighter began the quest for the Orb.
     0 | D:1      | Reached XP level 1. HP: 18/18 MP: 1/1
   171 | D:1      | Found a shattered altar of Ashenzari.
   199 | D:1      | Reached XP level 2. HP: 20/24 MP: 2/2
   762 | D:2      | Reached XP level 3. HP: 27/29 MP: 3/3
   835 | D:2      | Reached skill level 4 in Armour
  1137 | D:2      | Found a shattered altar of Ashenzari.
  1182 | D:2      | Reached XP level 4. HP: 28/37 MP: 4/4
  1251 | D:2      | Noticed Natasha
  1270 | D:2      | Killed Natasha
  1270 | D:2      | Reached skill level 1 in Dodging
  1452 | D:3      | Reached XP level 5. HP: 42/42 MP: 5/5
  1735 | D:3      | Noticed nublet's ghost (amateur DrTm)
  2040 | D:3      | Found a faded altar to an unknown god.
  2062 | D:3      | Became a worshipper of Trog the Wrathful
  2062 | D:3      | Reached * piety under Trog
  2066 | D:3      | You fall through a shaft!
  2087 | D:4      | Found a burning altar of Makhleb.
  2089 | D:4      | Noticed an Executioner
  2099 | D:4      | Reached skill level 5 in Shields
  2237 | D:3      | Noticed a phantom
  2288 | D:3      | Reached XP level 6. HP: 45/49 MP: 6/6
  2426 | D:3      | Killed a phantom
  2426 | D:3      | Reached skill level 1 in Throwing
  2486 | D:4      | Noticed Blork the orc
  2497 | D:4      | Noticed an orc warrior
  2516 | D:4      | Killed Blork the orc
  2516 | D:4      | Reached XP level 7. HP: 48/55 MP: 7/7
  2535 | D:4      | Reached ** piety under Trog
  2580 | D:4      | Killed an orc warrior
  2580 | D:4      | Reached skill level 5 in Fighting
  2903 | D:4      | Found a staircase to the Ecumenical Temple.
  2912 | Temple   | Entered the Ecumenical Temple
  3112 | D:5      | Entered Level 5 of the Dungeon
  3112 | D:5      | Noticed brucemayne's ghost (amateur DsBe)
  3198 | D:5      | Found a glowing drain.
  3209 | Sewer    | Entered a sewer
  3524 | D:5      | Reached skill level 5 in Armour
  3524 | D:5      | Reached XP level 8. HP: 60/62 MP: 8/8
  3549 | D:5      | Killed brucemayne's ghost
  3549 | D:5      | Reached skill level 6 in Shields
  3662 | D:5      | Found a shattered altar of Ashenzari.
  3890 | D:5      | Got a crude dagger
  3891 | D:5      | Identified the +3 dagger of Growth {pierce, rPois rN+ MP-9 Int+2} (You found it on level 5 of the Dungeon)
  3995 | D:5      | Reached *** piety under Trog
  4096 | D:6      | Reached skill level 7 in Shields
  4133 | D:6      | Found an ancient bone altar of Kikubaaqudgha.
  4174 | D:6      | Noticed brucemayne's ghost (amateur DsBe)
  4194 | D:6      | Killed brucemayne's ghost
  4347 | D:6      | Reached XP level 9. HP: 45/69 MP: 3/9
  4396 | D:6      | Reached skill level 5 in Maces & Flails
  4400 | D:6      | Reached skill level 1 in Long Blades
  4637 | D:6      | Got a twisted hunting sling
  4638 | D:6      | Identified the +9 hunting sling "Zuriagy" {venom, Int+3 Dex+2 Stlth+} (You found it on level 6 of the Dungeon)
  4728 | D:6      | Found a sacrificial altar of Ru.
  4746 | D:6      | Found a stormy altar of Qazlal.
  5222 | D:7      | Reached skill level 8 in Shields
  5462 | D:7      | Reached skill level 1 in Slings
  5796 | D:8      | Found a white marble altar of Elyvilon.
  6095 | D:8      | Noticed Psyche
  6104 | D:8      | Killed Psyche
  6104 | D:8      | Reached XP level 10. HP: 68/77 MP: 10/10
  6149 | D:8      | Reached skill level 9 in Shields
  6503 | D:8      | Reached **** piety under Trog
  6576 | D:8      | Reached skill level 10 in Shields
  6580 | D:8      | Noticed a three-headed hydra
  6625 | D:8      | Reached skill level 1 in Stealth
  6675 | D:8      | Killed a one-headed hydra
  6675 | D:8      | Reached skill level 5 in Slings
  6678 | D:8      | Reached XP level 11. HP: 61/84 MP: 11/11
  6776 | D:8      | Found a snail-covered altar of Cheibriados.
  6841 | D:8      | Received a gift from Trog
  7101 | D:9      | Found a shimmering altar of Xom.
  7106 | D:9      | Noticed an angel
  7360 | D:9      | Noticed Prince Ribbit
  7379 | D:9      | Killed Prince Ribbit
  7454 | D:10     | Entered Level 10 of the Dungeon
  7490 | D:9      | Got a smoking war axe
  7491 | D:9      | Identified the +9 war axe "Ukeownic" {chop, Str+3} (You found it on level 9 of the Dungeon)
  7519 | D:9      | Noticed Pikel
  7523 | D:9      | Killed Pikel
  7523 | D:9      | Reached ***** piety under Trog
  7814 | D:9      | Found a glowing golden altar of the Shining One.
  7841 | D:9      | Noticed Grum
  7859 | D:9      | Killed Grum
  7918 | D:9      | Found a glowing silver altar of Zin.
  7958 | D:9      | Reached skill level 1 in Axes
  8111 | D:10     | Noticed a hill giant
  8118 | D:10     | Killed a hill giant
  8395 | D:10     | Found a staircase to the Lair.
  8458 | Lair:1   | Entered Level 1 of the Lair of Beasts
  8865 | Lair:1   | Reached skill level 11 in Shields
  9126 | Lair:2   | Reached XP level 12. HP: 92/92 MP: 12/12
  9166 | Lair:2   | Received a gift from Trog
  9244 | Lair:2   | Reached skill level 10 in Slings
  9418 | Lair:2   | Noticed a four-headed hydra
  9433 | Lair:2   | Killed a six-headed hydra
  9652 | Lair:2   | Received a gift from Trog
  9821 | Lair:2   | Noticed an oklob plant
 10191 | Lair:3   | Reached skill level 5 in Axes
 10529 | Lair:3   | Noticed a queen ant
 10532 | Lair:3   | Killed a queen ant
 10542 | Lair:3   | Reached XP level 13. HP: 87/98 MP: 13/13
 10556 | Lair:3   | Reached skill level 12 in Slings
 10806 | Lair:4   | Received a gift from Trog
 10881 | Lair:4   | Found a staircase to the Swamp.
 10956 | Lair:4   | Got a crude hunting sling
 10957 | Lair:4   | Identified the cursed +3 hunting sling of the Two Names {venom, rC+ rN++ SInv Stlth-} (You found it on level 4 of the Lair of Beasts)
 11009 | Lair:4   | Received a gift from Trog
 11011 | Lair:4   | Reached ****** piety under Trog
 11082 | Lair:4   | Got a slimy hunting sling
 11083 | Lair:4   | Identified the +7 hunting sling "Tusaetsyme" {velocity, +Inv rF+ Dex+5 SInv} (You found it on level 4 of the Lair of Beasts)
 11375 | Lair:4   | Found a staircase to the Snake Pit.
 11444 | Lair:4   | Found a dark tunnel.
 11562 | Lair:5   | Gained mutation: You possess an exceptional clarity of mind. [potion of mutation]
 11562 | Lair:5   | Gained mutation: You are partially covered in rough black scales (AC +4, Dex -1). [potion of mutation]
 11562 | Lair:5   | Gained mutation: You occasionally shout uncontrollably at your foes. [potion of mutation]
 11576 | Lair:5   | Reached skill level 13 in Slings
 11876 | Lair:5   | Reached skill level 10 in Armour
 11955 | Lair:5   | Received a gift from Trog
 12023 | Lair:5   | Received a gift from Trog
 12195 | Lair:5   | Noticed a dire elephant
 12209 | Lair:5   | Killed a dire elephant
 12209 | Lair:5   | Reached XP level 14. HP: 106/106 MP: 14/14
 12416 | Lair:6   | Received a gift from Trog
 12583 | Lair:6   | Reached skill level 14 in Slings
 12783 | Lair:6   | Found a viscous altar of Jiyva.
 12784 | Lair:6   | Found a staircase to the Slime Pits.
 13335 | Lair:7   | Received a gift from Trog
 13497 | Lair:7   | Found a labyrinth entrance.
 13511 | Lab      | Entered a labyrinth
 14058 | Lair:7   | Gained mutation: You are partially covered in yellow scales (AC +2). [potion of beneficial mutation]
 14175 | Lair:7   | Reached skill level 1 in Evocations
 14193 | Lair:7   | Received a gift from Trog
 14243 | Lair:8   | Entered Level 8 of the Lair of Beasts
 14449 | Lair:8   | Received a gift from Trog
 14466 | Lair:8   | Upgraded the game from 0.17-a0-2122-g03d97ec to 0.17-a0-2127-g1cb09f6
 14718 | Lair:8   | Reached skill level 15 in Slings
 14720 | Lair:8   | Reached skill level 5 in Long Blades
 14844 | Lair:8   | Found a burning altar of Makhleb.
 14847 | Lair:8   | Reached XP level 15. HP: 110/114 MP: 15/15
 14862 | Lair:8   | Found a gateway to Hell.
 15338 | Lair:6   | Received a gift from Trog
 15628 | D:10     | Noticed Sonja
 15639 | D:10     | Killed Sonja
 15803 | D:11     | Found Acuasoa's Distillery.
 15959 | D:11     | Received a gift from Trog
 16442 | D:11     | Received a gift from Trog
 16542 | D:12     | Noticed Harold
 16696 | D:12     | Killed Harold
 16922 | D:12     | Found a staircase to the Orcish Mines.
 17013 | Orc:1    | Entered Level 1 of the Orcish Mines
 17018 | Orc:1    | Noticed Urug
 17042 | Orc:1    | Noticed Snorg
 17059 | D:12     | Killed Snorg
 17280 | Orc:1    | Killed Urug
 17448 | Orc:2    | Received a gift from Trog
 17510 | Orc:2    | Noticed Erolcha
 17521 | Orc:2    | Killed Erolcha
 17599 | Orc:2    | Found a roughly hewn altar of Beogh.
 17600 | Orc:2    | Noticed Gastronok
 17608 | Orc:2    | Received a gift from Trog
 17641 | Orc:2    | Killed Gastronok
 17720 | Orc:2    | Received a gift from Trog
 17722 | Orc:2    | Noticed Maurice
 17765 | Orc:2    | Killed Maurice
 17786 | Orc:2    | Received a gift from Trog
 18265 | Orc:3    | Found a staircase to the Elven Halls.
 18293 | Orc:4    | Entered Level 4 of the Orcish Mines
 18501 | Orc:3    | Received a gift from Trog
 18537 | Orc:3    | Received a gift from Trog
 18593 | Orc:3    | Found a roughly hewn altar of Beogh.
 18873 | Orc:4    | Received a gift from Trog
 18919 | Orc:4    | Reached skill level 10 in Fighting
 19011 | Orc:4    | Noticed Saint Roka
 19014 | Orc:4    | Found a roughly hewn altar of Beogh.
 19017 | Orc:4    | Killed Saint Roka
 19045 | Orc:4    | HP: 5/115 [sixfirhy[an orc high priest] (7)]
 19423 | Orc:4    | Found Weohonag's Jewellery Boutique.
 19430 | Orc:4    | Found Verioc's General Store.
 19436 | Orc:4    | Found Liawkoymm's Antique Armour Boutique.
 19440 | Orc:4    | Found Zoesm's Antique Weapon Boutique.
 19461 | Orc:4    | Bought a glowing plate armour for 621 gold pieces
 19526 | Orc:4    | Bought the +7 mace of Entrepreneurial Spirit {crush, rF+ MR++ MP-9 SInv} for 991 gold pieces
 19551 | Orc:4    | Found a roughly hewn altar of Beogh.
 19554 | Orc:4    | Received a gift from Trog
 19715 | Orc:4    | Reached XP level 16. HP: 111/122 MP: 16/16
 19833 | Elf:1    | Entered Level 1 of the Elven Halls
 19894 | Elf:1    | Received a gift from Trog
 19894 | Elf:1    | Reached skill level 16 in Slings
 20014 | Elf:1    | Found Astemeef's Distillery.
 21151 | Elf:2    | Gained mutation: You are weak. (Str -2) [mutagenic glow]
 21183 | Elf:2    | Received a gift from Trog
 21370 | Elf:1    | Noticed an Executioner
 21634 | Elf:2    | Found a runed gate.
 21634 | Elf:2    | Found a runed gate.
 21949 | Elf:2    | Found a runed gate.
 22028 | Elf:2    | Reached skill level 5 in Throwing
 22038 | Elf:2    | Received a gift from Trog
 22038 | Elf:2    | Slain by a dire flail of draining

Vault maps used:
D:1:      ncdulo_lavacross, minivault_19, nicolae_ashenzari_panopticon
D:2:      old_standard_altar, item_on_display_a, uniq_natasha
D:3:      ecumenical_altar_2, roderic_st_hans_cross, minivault_26,
          uniq_crazy_yiuf_cottage
D:4:      minmay_temple_entry_junction, first_bread, columned_hall_lemuel,
          makhleb_altar_promises_db, uniq_blork_the_orc
D:5:      basic_altar, portal_sewer_entry_e, serial_bayou_pond_a
D:6:      lemuel_crystal_altar, grunt_temple_overflow_cloverleaf, nrook_uturn
D:8:      nicolae_overflow_crystal_walls, cheibrodos_worm_habitat, special_room,
          hangedman_ranch, uniq_psyche
D:9:      grunt_temple_overflow_order_and_chaos_1, tso_metal_star, st_stairs_10,
          uniq_grum, uniq_prince_ribbit1, uniq_pikel
D:10:     erik_lair_orcish_takeover, uniq_sonja
D:11:     serial_shops, nicolae_shop_statue_plus
D:12:     zombieorc2_lemuel, enter_trove_0, grunt_gozag_statues, uniq_harold
Temple:   corrupted_temple
Lair:1:   grunt_forest_large_clearing_hut
Lair:2:   minmay_lair_oklob_bushes
Lair:3:   zaba_antful_of_joy, bh_autumn_forest_stairs, lemuel_fruit_fields
Lair:4:   nicolae_swamp_entry_splash_gauntlet, guppyfry_snake_entry_garden,
          nicolae_volcano_entry_two_sided
Lair:5:   beast_lair_carwin_large_1, minivault_19, grunt_megastairs_4,
          infiniplex_staircase_pool
Lair:6:   slime_altar_1, grunt_megastairs_3
Lair:7:   lab_entry_generic, bobbens_ice_dragon_lair, grunt_megastairs_1
Lair:8:   evil_forest, serial_bayou_shore_b
Orc:1:    uniq_snorg, uniq_urug
Orc:2:    mines2_david, uniq_maurice, uniq_gastronok, uniq_erolcha
Orc:3:    nicolae_orc_pool_cavern, david_defended_altar_orc
Orc:4:    grunt_orc_cross, basic_altar, nicolae_orc_crystal_geode
Elf:1:    serial_shops, shop, evilmike_minifort, guppyfry_library_mini
Lab:      labyrinth_hidden_loot, nicolae_lab_lava, labyrinth_skeletal_remains,
          nicolae_lab_plus, nicolae_lab_hexagon
Sewer:    sewer_frog_island_01

Action                   |  1- 3 |  4- 6 |  7- 9 | 10-12 | 13-15 | 16-18 || total
-------------------------+-------+-------+-------+-------+-------+-------++-------
Melee: Flail             |   111 |   206 |   252 |   173 |   188 |       ||   930
       Falchion          |       |       |    75 |    50 |    16 |    14 ||   155
       Short sword       |       |       |    31 |       |       |       ||    31
       Dagger            |       |       |    14 |       |       |       ||    14
       War axe           |       |       |       |    89 |   279 |    15 ||   383
       Demon whip        |       |       |       |    16 |   184 |    33 ||   233
       Halberd           |       |       |       |       |     7 |       ||     7
       Great sword       |       |       |       |       |   123 |     3 ||   126
       Eveningstar       |       |       |       |       |    45 |    31 ||    76
       Mace              |       |       |       |       |       |   125 ||   125
       Battleaxe         |       |       |       |       |       |    71 ||    71
 Fire: Hunting sling     |       |       |    53 |   482 |   915 |    63 ||  1513
       Greatsling        |       |       |       |       |     2 |       ||     2
Throw: Stone             |     8 |    64 |    64 |       |     2 |     9 ||   147
       Throwing net      |       |       |     4 |       |       |     1 ||     5
       Tomahawk          |       |       |     5 |       |   122 |    38 ||   165
       Javelin           |       |       |       |       |     3 |    12 ||    15
Invok: Trog's Hand       |       |       |     4 |       |       |       ||     4
       Brothers in Arms  |       |       |       |     2 |     8 |     5 ||    15
       Burn Spellbooks   |       |       |       |     1 |     4 |     1 ||     6
 Abil: Shaft Self        |       |     1 |       |       |       |       ||     1
       Dig               |       |       |     3 |       |       |       ||     3
       Evoke Invisibilit |       |       |       |       |     2 |       ||     2
Evoke: Wand              |       |       |     2 |     3 |    11 |     4 ||    20
       Box of beasts     |       |       |       |       |       |     3 ||     3
       Stone of tremors  |       |       |       |       |       |     1 ||     1
  Use: Scroll            |     5 |     1 |     6 |    12 |    13 |     3 ||    40
       Potion            |       |       |     6 |     5 |    12 |     3 ||    26
 Stab: Held in net/web   |       |       |     1 |       |       |       ||     1
       Distracted        |       |       |       |       |     1 |     1 ||     2
  Eat: Bread ration      |     1 |     1 |     2 |     2 |     2 |       ||     8
       Meat ration       |       |       |     1 |       |       |       ||     1
       Fruit             |       |       |       |     2 |    19 |       ||    21
       Beef jerky        |       |       |       |       |     2 |     2 ||     4
       Pizza             |       |       |       |       |     4 |     4 ||     8
